Map: Flooded City

Players

JaySlays

  • Race: Protoss Protoss
  • Spawn Location: 12:00

Wolf

  • Race: Zerg Zerg
  • League: Diamond
  • Spawn Location: 12:00

Aredgar

  • Race: Protoss Protoss
  • League: Platinum
  • Spawn Location: 6:00

JaTheXtReMe

  • Race: Terran Terran
  • League: Diamond
  • Spawn Location: 6:00

VOD

Have the link to the VOD?

Description

Time

  • Played on: April 22, 2018, 2:17 a.m.
  • Length: 11:08
Show
View Real Time Build Order
Export as new Build Order

JaySlays Protoss 

Build Orders: Zealot Archon 

Get SALT Encoding   

  12  0:01  Probe  
  14  0:17  Pylon  
  14  0:19  Probe  
  14  0:31  Probe, Assimilator  
  15  0:46  Probe, Gateway  
  16  0:54  Probe  
  16  1:03  Probe  
  18  1:12  Assimilator  
  18  1:14  Probe  
  19  1:23  Probe  
  19  1:31  Probe  
  20  1:39  Cybernetics Core  
  21  1:41  Probe  
  22  1:47  Pylon  
  22  1:59  Warp Gate  
  22  2:06  Gateway  
  22  2:07  Probe  
  23  2:24  Gateway  
  23  2:26  Probe  
  24  2:38  Probe  
  24  2:44  Twilight Council  
  25  2:54  Adept x2  
  29  3:07  Pylon  
  29  3:21  Nexus  
  29  3:34  Templar Archives  
  29  3:41  Gateway  
  29  3:43  Probe  
  30  3:55  Probe  
  31  4:00  Pylon  
  31  4:07  Probe  
  31  4:08  Zealot  
  31  4:09  Zealot  
  36  4:15  Pylon  
  36  4:20  High Templar  
  38  4:26  Probe  
  39  4:33  Charge  
  39  4:34  High Templar  
  39  4:37  Zealot  
  39  4:38  Probe, Archon  
  44  4:45  Probe, High Templar  
  46  4:50  Probe  
  48  4:53  High Templar  
  50  5:01  Gateway  
  50  5:02  Archon  
  50  5:07  Sentry  
  50  5:12  Zealot  
  54  5:18  Probe x2  
  54  5:21  Gateway  
  56  5:27  Assimilator  
  56  5:30  Probe  
  57  5:35  High Templar  
  57  5:36  Zealot x2  
  57  5:39  Probe  
  64  5:47  Pylon  
  64  5:51  Probe  
  64  5:53  Phoenix  
  64  5:56  Forge  
  64  5:57  Shield Battery  
  65  6:03  Probe  
  66  6:06  Probe  
  67  6:14  High Templar  
  67  6:15  Probe  
  67  6:18  Probe  
  71  6:26  Zealot x3  
  71  6:32  Pylon  
  77  6:44  Psionic Storm  
  77  6:46  Probe, Archon  
  77  6:47  Probe  
  78  6:50  Assimilator  
  79  6:59  Probe  
  80  7:03  Zealot  
  80  7:04  Zealot x2  
  86  7:09  Nexus  
  86  7:12  Pylon  
  86  7:16  Protoss Ground Weapons Level 1  
  86  7:30  Probe x2  
  88  7:42  Robotics Facility  
  88  7:47  High Templar x2  
  88  7:49  Zealot  
  94  7:58  Pylon  
  94  7:59  Pylon  
  94  8:01  Pylon  
  62  8:14  High Templar x3  
  68  8:22  Probe  
  68  8:23  Probe x2  
  68  8:24  High Templar  
  68  8:25  Archon  
  68  8:26  Archon  
  73  8:31  Stalker  
  73  8:32  Stalker  
  73  8:33  Archon  
  58  8:54  High Templar  
  50  9:01  Zealot x2  
  50  9:02  Zealot x3  
  60  9:26  High Templar  
  62  9:40  High Templar  
  62  9:43  Archon  
  54  9:59  Gateway  
  50  10:01  Gateway  
  50  10:04  Gateway  
  50  10:05  Cybernetics Core  
  50  10:07  Gateway  
  50  10:09  Gateway  
  48  10:29  Probe  
  48  10:33  Pylon  
  49  11:00  Zealot  
  49  11:01  Zealot x3  
Show
View Real Time Build Order
Export as new Build Order

Wolf Zerg 

Build Orders: Hatch First 

Get SALT Encoding   

  12  0:01  Drone  
  13  0:13  Overlord  
  13  0:19  Drone  
  14  0:32  Drone x2  
  16  0:36  Drone  
  17  0:55  Drone  
  18  1:06  Hatchery  
  18  1:09  Extractor  
  16  1:18  Spawning Pool  
  16  1:22  Drone  
  16  1:25  Drone  
  16  1:31  Drone  
  18  1:38  Drone  
  19  1:44  Overlord  
  19  2:06  Queen  
  21  2:10  Zergling x2  
  22  2:18  Queen  
  22  2:19  Zergling x4  
  22  2:21  Metabolic Boost  
  26  2:32  Zergling x4  
  28  2:38  Drone  
  28  2:42  Drone  
  30  2:53  Drone x2, Queen  
  34  3:15  Drone x2  
  35  3:45  Drone  
  35  3:48  Overlord x3  
  36  3:49  Overlord x3  
  36  3:52  Lair  
  36  4:04  Extractor  
  36  4:05  Drone  
  36  4:06  Drone x3  
  36  4:09  Drone  
  40  4:15  Spine Crawler  
  40  4:17  Spine Crawler  
  38  4:30  Zergling x6  
  41  4:32  Drone x4  
  45  4:40  Drone  
  46  4:47  Baneling Nest  
  45  5:04  Drone  
  45  5:05  Drone x7, Hydralisk Den  
  52  5:20  Extractor  
  51  5:21  Extractor  
  50  5:29  Drone  
  50  5:30  Drone x3  
  50  5:31  Drone x2  
  50  5:32  Centrifical Hooks  
  56  5:35  Muscular Augments  
  56  5:41  Hatchery  
  55  6:10  Hydralisk  
  55  6:11  Hydralisk x5  
  67  6:20  Drone x4  
  71  6:28  Zergling x8  
  75  6:33  Baneling x4  
  75  6:34  Baneling x4  
  75  6:36  Baneling  
  75  6:42  Overseer  
  75  6:49  Zergling x2  
  75  6:50  Zergling x4  
  75  6:52  Baneling  
  75  6:53  Baneling x5  
  78  6:59  Drone  
  78  7:00  Drone x7  
  86  7:04  Grooved Spines  
  86  7:08  Evolution Chamber  
  86  7:12  Evolution Chamber  
  84  7:20  Drone x2  
  84  7:21  Drone x4  
  90  7:23  Overlord  
  90  7:24  Extractor, Overlord x2  
  90  7:25  Extractor  
  88  7:33  Baneling  
  88  7:34  Baneling x12  
  88  7:40  Hydralisk  
  88  7:41  Hydralisk  
  72  8:09  Hydralisk  
  72  8:10  Hydralisk x5  
  78  8:28  Hydralisk x4  
  86  8:39  Hydralisk  
  86  8:40  Hydralisk x2  
  86  8:52  Hydralisk x2  
  58  9:06  Spore Crawler, Hydralisk  
  58  9:07  Spore Crawler, Hydralisk x2  
  58  9:08  Spore Crawler  
  58  9:09  Spore Crawler  
  58  9:13  Spore Crawler  
  58  9:14  Spore Crawler  
  56  9:17  Spore Crawler  
  56  9:23  Hydralisk x3  
  47  9:48  Hydralisk x7  
  59  10:07  Hydralisk x5  
  66  10:24  Zergling x2  
  66  10:25  Zergling x14  
Show
View Real Time Build Order
Export as new Build Order

Aredgar Protoss 

Build Orders:  

Get SALT Encoding   

  12  0:01  Probe  
  13  0:13  Probe  
  14  0:25  Pylon  
  14  0:28  Assimilator  
  14  0:33  Assimilator  
  14  0:46  Gateway  
  14  1:03  Probe  
  15  1:21  Probe  
  16  1:33  Probe  
  16  1:39  Zealot  
  19  1:43  Cybernetics Core  
  19  1:45  Probe  
  20  1:48  Pylon  
  20  1:53  Pylon  
  20  1:55  Probe  
  21  2:03  Probe  
  22  2:13  Probe  
  23  2:23  Stargate  
  23  2:29  Stargate  
  23  2:35  Probe  
  24  2:47  Probe  
  25  2:57  Void Ray  
  25  3:02  Void Ray  
  33  3:17  Probe  
  34  3:39  Pylon  
  34  3:40  Void Ray  
  38  3:45  Probe  
  39  3:59  Void Ray  
  39  4:02  Probe  
  44  4:09  Pylon  
  44  4:17  Probe  
  45  4:24  Assimilator  
  45  4:32  Void Ray  
  45  4:36  Probe  
  50  4:50  Probe  
  51  4:55  Void Ray  
  55  5:00  Pylon  
  56  5:28  Probe  
  56  5:32  Void Ray  
  56  5:34  Zealot  
  62  5:38  Pylon  
  62  5:42  Probe  
  63  5:55  Probe  
  64  6:00  Void Ray  
  64  6:03  Probe  
  68  6:08  Pylon  
  68  6:11  Probe  
  70  6:22  Probe  
  71  6:25  Void Ray  
  71  6:30  Pylon  
  75  6:34  Probe  
  76  6:48  Void Ray  
  80  6:59  Void Ray  
  80  7:08  Pylon  
  84  7:18  Probe  
  85  7:30  Probe  
  85  7:31  Void Ray  
  90  7:43  Robotics Facility  
  90  7:45  Probe  
  87  8:15  Void Ray  
  71  10:33  Zealot  
  81  10:47  Nexus  
Show
View Real Time Build Order
Export as new Build Order

JaTheXtReMe Terran 

Build Orders:  

Get SALT Encoding   

  12  0:01  SCV  
  13  0:14  Supply Depot  
  13  0:18  SCV  
  14  0:30  SCV  
  15  0:42  SCV  
  16  0:46  Barracks  
  16  1:01  Supply Depot  
  16  1:04  SCV  
  17  1:14  Refinery  
  17  1:16  SCV  
  18  1:28  SCV  
  18  1:32  Barracks  
  19  1:36  Barracks  
  19  1:45  Orbital Command  
  19  1:48  Marine  
  20  2:05  Refinery  
  20  2:08  Marine  
  21  2:23  Marine  
  21  2:24  Marine  
  21  2:25  Marine  
  21  2:27  Supply Depot, SCV  
  25  2:47  Barracks Reactor  
  25  2:50  Marine  
  25  2:51  Supply Depot, Barracks Tech Lab  
  26  2:56  SCV  
  27  3:08  Marine, SCV  
  29  3:15  Factory  
  29  3:17  Engineering Bay  
  29  3:20  SCV  
  29  3:22  Marine  
  29  3:26  Marine  
  32  3:30  Marine  
  32  3:32  SCV  
  34  3:35  Stimpack  
  34  3:39  Marine  
  35  3:43  Missile Turret  
  35  3:44  Marine  
  35  3:48  Missile Turret  
  36  3:50  Marine  
  36  3:52  Marine  
  38  3:57  Marine  
  38  3:58  Terran Infantry Weapons Level 1  
  38  4:01  SCV  
  38  4:02  Marine  
  41  4:08  Marine  
  41  4:09  Marine  
  42  4:13  Starport  
  43  4:21  Factory Reactor  
  43  4:27  Supply Depot  
  43  4:31  Marine x2  
  45  4:50  Supply Depot  
  45  4:56  Command Center  
  45  5:01  SCV  
  46  5:13  Marine, Supply Depot, SCV  
  48  5:25  SCV  
  48  5:27  Factory Tech Lab  
  49  5:29  Medivac  
  49  5:31  Medivac  
  53  5:37  SCV  
  53  5:42  Marine x4  
  58  5:49  Siege Tank  
  61  5:52  Terran Infantry Armor Level 1  
  61  6:01  Marine x2  
  61  6:02  Marine x2  
  65  6:13  Orbital Command  
  65  6:19  Marine  
  65  6:22  Supply Depot  
  66  6:30  Marine x2  
  68  6:41  Marine x2  
  68  6:44  Supply Depot  
  70  6:48  Marine x2, Medivac  
  70  6:53  Medivac  
  76  6:58  Marine  
  76  6:59  Marine  
  78  7:05  Marine  
  78  7:06  Supply Depot  
  80  7:11  Siege Tank  
  83  7:16  Marine x2  
  84  7:23  Marine  
  84  7:29  Supply Depot  
  85  7:34  Marine x2, Barracks Reactor  
  87  7:41  Marine, Command Center  
  88  7:46  Building Armor  
  88  7:50  Siege Tank  
  91  7:52  Marine x2  
  93  7:59  Marine  
  65  8:10  Marine x2  
  65  8:11  Marine x2  
  48  8:17  Marine  
  49  8:22  Siege Tank  
  52  8:27  Marine  
  52  8:28  Marine x2  
  52  8:29  Marine  
  56  8:35  Marine  
  55  8:45  Marine x2  
  55  8:46  Marine x2  
  57  8:52  Marine  
  55  9:03  Marine x2  
  55  9:04  Marine x2  
  59  9:10  Marine  
  60  9:20  Siege Tank  
  60  9:21  Marine x2  
  60  9:22  Marine x2  
  60  9:23  SCV x2  
  70  9:25  Orbital Command  
  70  9:28  Marine  
  67  9:35  SCV x2  
  63  9:39  Marine x2  
  63  9:40  Marine x2  
  63  9:46  Marine  
  63  9:47  SCV  
  59  9:53  Siege Tank  
  59  9:56  Marine  
  59  9:57  Marine x2  
  59  9:58  Marine  
  64  10:04  Marine  
  65  10:14  Marine x2  
  65  10:15  Marine x2  
  69  10:21  Marine  
  69  10:25  Siege Tank  
  73  10:32  Marine x2  
  73  10:33  Marine  
  73  10:35  Marine  
  76  10:39  Marine  
  62  10:50  Marine  
Tags
 
Add a new tag
Caveats
  • Supply blocks, unpowered buildings, or Contaminate may cause inaccurate times.
  • Supply counts are checked every 10 seconds.